Map: Neon Violet Square LE

Players

iGXY (XY)

  • Race: Terran Terran
  • Spawn Location: 5:00

Lambo - Winner!

  • Race: Zerg Zerg
  • Spawn Location: 11:00

Event: WCS Leipzig 2018

VOD

Have the link to the VOD?

Description

Time

  • Played on: Jan. 26, 2018, 12:50 p.m.
  • Length: 12:40

All games in this series

Show
View Real Time Build Order
Export as new Build Order

iGXY Terran 

Build Orders: Reaper Expand, Hellion Banshee, Mech 

Get SALT Encoding   

  12  0:00  SCV  
  13  0:12  SCV  
  14  0:17  Supply Depot  
  14  0:24  SCV  
  15  0:39  SCV  
  15  0:41  Barracks  
  16  0:44  Refinery  
  16  0:51  SCV  
  17  1:03  SCV  
  18  1:15  SCV  
  19  1:27  Reaper  
  19  1:28  Orbital Command  
  20  1:41  Command Center  
  20  1:50  Supply Depot  
  20  1:53  SCV  
  21  1:59  Marine  
  22  2:05  SCV  
  23  2:14  Factory  
  23  2:17  SCV, Refinery  
  23  2:20  Barracks Reactor  
  24  2:29  SCV  
  25  2:41  SCV  
  26  2:53  SCV, Orbital Command  
  27  3:01  Starport  
  27  3:05  Hellion x2, SCV, Barracks Tech Lab  
  32  3:17  Supply Depot  
  32  3:18  SCV  
  32  3:19  SCV  
  34  3:26  Hellion x2  
  38  3:30  SCV  
  38  3:31  SCV  
  40  3:37  Barracks Tech Lab  
  40  3:42  SCV  
  40  3:45  SCV  
  42  3:48  Cloaking Field  
  42  3:49  Viking  
  42  3:54  SCV  
  45  3:57  SCV  
  45  3:58  Command Center  
  46  4:06  SCV  
  46  4:09  SCV  
  48  4:13  Supply Depot  
  48  4:18  SCV, Banshee  
  48  4:21  SCV  
  53  4:28  Armory  
  53  4:29  Armory  
  53  4:30  SCV  
  53  4:31  Refinery x2  
  54  4:34  SCV  
  54  4:36  Supply Depot  
  55  4:42  SCV  
  56  4:46  SCV  
  57  4:54  SCV  
  57  4:56  Hellion x2  
  57  4:58  SCV  
  63  5:01  Supply Depot, Banshee  
  63  5:06  SCV  
  67  5:09  Factory  
  67  5:10  SCV, Factory  
  68  5:16  Orbital Command  
  68  5:19  SCV  
  69  5:23  SCV  
  69  5:26  Hellion x2  
  74  5:31  SCV  
  74  5:33  Terran Vehicle And Ship Armor Level 1, Terran Vehicle Weapons Level 1  
  74  5:35  SCV  
  76  5:43  SCV  
  76  5:45  Refinery  
  76  5:48  Refinery, Hellion x2, SCV  
  82  5:54  SCV  
  80  5:57  Factory Tech Lab  
  80  5:59  SCV  
  80  6:00  SCV  
  80  6:01  Supply Depot  
  82  6:04  Starport Reactor  
  82  6:05  Supply Depot  
  82  6:06  SCV  
  82  6:07  Supply Depot  
  82  6:11  Supply Depot  
  83  6:12  SCV x2  
  83  6:14  Hellion x2  
  89  6:22  SCV, Thor  
  89  6:24  SCV  
  97  6:29  Thor  
  102  6:36  SCV x2  
  102  6:37  SCV  
  102  6:39  Hellion x2  
  109  6:41  Medivac x2  
  109  6:46  Infernal Pre-Igniter  
  113  7:00  Factory  
  113  7:01  Factory  
  113  7:03  Hellion  
  113  7:04  Hellion  
  117  7:09  Command Center  
  116  7:18  Siege Tank x2  
  122  7:24  Supply Depot x2  
  122  7:25  Hellion  
  122  7:26  Supply Depot  
  124  7:34  Smart Servos  
  124  7:45  Hellion  
  124  7:50  Siege Tank x2  
  121  7:51  Hellion  
  121  7:54  SCV  
  104  8:02  SCV  
  104  8:03  Factory Tech Lab, Factory Reactor  
  99  8:07  Hellion, Terran Vehicle And Ship Armor Level 2, Terran Vehicle Weapons Level 2  
  101  8:15  Hellion  
  101  8:19  Refinery  
  103  8:22  Refinery, Engineering Bay, Siege Tank  
  103  8:23  Siege Tank  
  112  8:28  Hellion, Viking x2  
  112  8:33  Supply Depot  
  118  8:39  Hellion, Command Center  
  120  8:43  SCV x3  
  120  8:47  Planetary Fortress  
  123  8:53  Hellion x3  
  123  8:55  Siege Tank x2  
  132  8:58  Viking x2  
  132  9:00  SCV x3  
  131  9:06  Siege Tank  
  134  9:12  SCV x2, Hellion  
  134  9:15  Hellion  
  140  9:17  Sensor Tower  
  140  9:22  Hellion x2  
  144  9:27  Siege Tank x2  
  144  9:28  Viking  
  152  9:32  Viking  
  152  9:34  Hellion  
  152  9:36  Hellion  
  158  9:44  Siege Tank  
  158  9:45  Hellion x2  
  145  9:55  Barracks Reactor  
  145  9:56  Hellion, Starport  
  145  9:58  Viking  
  145  9:59  Siege Tank  
  152  10:02  Viking, Siege Tank  
  157  10:09  Hellion  
  157  10:10  SCV  
  160  10:16  Siege Tank  
  160  10:19  Planetary Fortress  
  163  10:22  Refinery  
  163  10:23  Refinery  
  163  10:25  Hellion  
  165  10:28  Viking  
  165  10:32  Viking  
  155  10:38  Terran Ship Weapons Level 1  
  155  10:41  Hellion  
  152  10:44  Hellion  
  138  10:58  Viking  
  123  11:05  Viking  
  123  11:10  Viking x2  
  107  11:12  Siege Tank  
  105  11:18  Siege Tank x2  
  96  11:27  Hellion x4  
  96  11:28  Viking  
  96  11:35  Viking  
  95  11:40  Viking  
  95  11:44  Siege Tank  
  99  11:48  Viking  
  99  11:50  Siege Tank x2  
  100  12:03  Viking  
  99  12:09  Hellion  
Show
View Real Time Build Order
Export as new Build Order

Lambo Zerg - Winner!

Build Orders: Hatch First, Brood Lord Corruptor 

Get SALT Encoding   

  12  0:00  Drone  
  13  0:13  Overlord  
  13  0:18  Drone  
  14  0:32  Drone x2  
  16  0:37  Drone  
  17  0:54  Hatchery  
  16  0:57  Drone  
  16  1:00  Drone  
  18  1:11  Extractor  
  18  1:15  Spawning Pool  
  17  1:18  Drone  
  17  1:21  Drone  
  18  1:29  Drone  
  19  1:41  Overlord  
  19  1:52  Drone  
  20  2:01  Queen  
  20  2:03  Zergling x2  
  20  2:06  Zergling x2, Queen  
  26  2:12  Drone  
  27  2:18  Drone  
  28  2:29  Hatchery  
  27  2:32  Drone  
  27  2:35  Drone  
  29  2:38  Drone  
  29  2:42  Extractor  
  29  2:47  Pneumatized Carapace  
  29  2:51  Metabolic Boost  
  30  2:56  Overlord  
  30  3:00  Drone  
  30  3:02  Drone  
  30  3:04  Drone  
  33  3:07  Drone  
  33  3:10  Drone  
  35  3:13  Drone  
  35  3:16  Drone  
  35  3:17  Drone  
  38  3:21  Drone  
  38  3:23  Drone  
  38  3:25  Queen  
  42  3:30  Overlord  
  42  3:32  Drone  
  43  3:34  Drone  
  43  3:40  Queen  
  46  3:44  Drone x2  
  48  3:49  Drone x3  
  48  3:53  Queen  
  53  3:57  Zergling x4  
  53  4:00  Drone  
  56  4:03  Overlord  
  56  4:05  Zergling x4  
  58  4:13  Overlord  
  58  4:19  Overlord  
  58  4:20  Queen  
  58  4:23  Drone x3  
  63  4:26  Overlord  
  63  4:27  Drone x2  
  63  4:31  Drone, Lair  
  65  4:34  Overlord  
  65  4:37  Drone  
  67  4:40  Drone x3  
  67  4:44  Overlord  
  70  4:45  Drone  
  70  4:49  Drone, Extractor, Spore Crawler  
  70  4:53  Drone x4  
  70  4:57  Drone  
  70  4:59  Baneling Nest  
  74  5:00  Queen  
  74  5:03  Overlord  
  74  5:04  Drone  
  77  5:08  Drone x3  
  80  5:15  Spore Crawler  
  80  5:16  Drone  
  80  5:18  Drone x2  
  84  5:24  Drone x3  
  84  5:25  Evolution Chamber  
  84  5:26  Overlord, Evolution Chamber  
  83  5:31  Overlord  
  83  5:32  Drone x4  
  83  5:34  Extractor  
  83  5:35  Extractor  
  85  5:37  Overseer  
  85  5:38  Drone x2  
  85  5:41  Extractor  
  85  5:42  Extractor  
  84  5:43  Hydralisk Den  
  84  5:44  Overseer  
  84  5:49  Zergling x8  
  84  5:51  Drone  
  84  5:52  Drone x2  
  84  5:54  Zerg Missile Weapons Level 1  
  84  5:56  Drone  
  86  6:01  Drone  
  86  6:02  Drone  
  88  6:09  Drone x4, Hatchery  
  91  6:12  Drone  
  91  6:13  Spore Crawler  
  91  6:16  Zerg Ground Armor Level 1  
  91  6:20  Drone  
  91  6:21  Overlord  
  92  6:27  Hydralisk x2, Muscular Augments  
  92  6:31  Drone x6  
  102  6:35  Hydralisk, Infestation Pit  
  102  6:38  Hydralisk  
  105  6:40  Baneling  
  105  6:43  Zergling x8  
  105  6:44  Drone, Hydralisk  
  112  6:55  Hydralisk x3  
  112  6:58  Drone x2  
  112  6:59  Extractor, Queen  
  121  7:01  Extractor  
  121  7:08  Hydralisk  
  122  7:09  Overlord  
  122  7:10  Overlord  
  122  7:13  Overlord  
  122  7:15  Overlord  
  122  7:18  Overlord  
  122  7:22  Hive  
  122  7:23  Hydralisk x2  
  122  7:24  Spire  
  122  7:27  Drone x2  
  127  7:30  Baneling x3  
  127  7:37  Baneling x9  
  127  7:39  Queen  
  127  7:41  Queen  
  127  7:42  Drone x2  
  133  7:47  Zergling x2  
  133  7:48  Zergling x4  
  134  7:52  Zergling x2  
  134  7:57  Hydralisk x3  
  125  8:01  Queen  
  125  8:02  Drone x5  
  125  8:03  Drone  
  133  8:06  Drone x2  
  133  8:12  Hydralisk x4  
  140  8:28  Spine Crawler  
  140  8:29  Queen  
  140  8:30  Spine Crawler, Drone  
  140  8:31  Drone x2  
  140  8:33  Queen  
  145  8:37  Hatchery, Greater Spire  
  145  8:39  Zerg Missile Weapons Level 2  
  144  8:52  Overlord x2  
  144  8:54  Hydralisk x4  
  152  8:58  Overlord  
  152  8:59  Overlord  
  150  9:12  Corruptor x4  
  150  9:13  Corruptor x2  
  162  9:19  Queen x2  
  162  9:21  Queen  
  162  9:24  Corruptor  
  168  9:27  Corruptor  
  172  9:34  Corruptor  
  174  9:41  Drone x5  
  174  9:50  Overlord  
  174  9:51  Overlord  
  172  9:55  Brood Lord x4  
  172  9:56  Brood Lord x2  
  172  9:59  Zerg Flyer Weapons Level 1  
  184  10:06  Brood Lord x2  
  188  10:14  Queen  
  188  10:16  Brood Lord  
  188  10:18  Corruptor x2  
  196  10:32  Corruptor  
  196  10:33  Corruptor x2  
  196  10:34  Spine Crawler  
  186  10:37  Hydralisk x3  
  192  10:43  Corruptor  
  164  11:04  Hydralisk x4  
  164  11:05  Hydralisk x6  
  164  11:10  Corruptor  
  170  11:12  Zergling x2  
  170  11:13  Zergling x18  
  178  11:19  Hydralisk  
  178  11:20  Hydralisk x3  
  182  11:27  Hydralisk x3  
  182  11:32  Hydralisk x2  
  184  11:37  Hydralisk x3  
  194  11:43  Corruptor  
  190  11:48  Corruptor  
  190  11:50  Queen x2  
  193  11:55  Hydralisk  
  193  11:56  Hydralisk x2  
  193  11:58  Corruptor  
  196  12:02  Corruptor  
  196  12:08  Zergling x6  
  193  12:15  Hydralisk  
  193  12:16  Hydralisk x2  
Tags
 
Add a new tag
Caveats
  • Supply blocks, unpowered buildings, or Contaminate may cause inaccurate times.
  • Supply counts are checked every 10 seconds.